 Dungeon Crawl Stone Soup version 0.21.1-1-g345015fe64 (webtiles) character file.

112 Jannitor the Skirmisher (level 4, -2/33 HPs)
             Began as an Octopode Chaos Knight on Mar 28, 2018.
             Slain by an ogre
             ... wielding a +0 giant club
              (34 damage)
             ... on level 3 of the Dungeon.
             The game lasted 00:03:17 (2293 turns).

Jannitor the Skirmisher (Octopode Chaos Knight)     Turns: 2293, Time: 00:03:17

Health: -2/33      AC:  1    Str: 12      XL:     4   Next: 93%
Magic:  4/4        EV: 14    Int:  9 (10) God:    Xom [.....*]
Gold:   130        SH:  0    Dex: 11      Spells: 3/3 levels left

rFire    . . .     SeeInvis .     - Unarmed
rCold    . . .     Gourm    .   (no shield)
rNeg     . . .     Faith    .   (helmet restricted)
rPois    .         Spirit   .   (no amulet)
rElec    .         Reflect  .   g - ring of protection from magic
rCorr    .         Harm     .   (no ring)
MR       +....                  (no ring)
Stlth    ++........             (no ring)
HPRegen  0.11/turn              (no ring)
MPRegen  0.09/turn              (no ring)
                                (no ring)
                                (no ring)

@: no status effects
A: almost no armour, stealthy swim, amphibious, 8 rings, constrict 8, fangs 1,
camouflage 1, dopey 2, gelatinous body 1
a: Renounce Religion


You were on level 3 of the Dungeon.
You worshipped Xom.
You were Xom's teddy bear.
You were not hungry.

You visited 1 branch of the dungeon, and saw 3 of its levels.

You collected 130 gold pieces.

Inventory:

Jewellery
 b - an uncursed ring of fire {unknown}
 g - a ring of protection from magic (left tentacle)
Scrolls
 c - a scroll of enchant armour {unknown}
 d - 4 scrolls of identify {unknown}
 e - 2 scrolls of enchant weapon {unknown}
 f - 2 scrolls of teleportation {unknown}
 j - a scroll of magic mapping {unknown}
 l - a scroll of fear {unknown}
Potions
 h - a potion of flight
Books
 k - a book of Minor Magic

   Spells                             Type                      Level
   a - Magic Dart                     Conjuration                  1
   b - Blink                          Translocation                2
   c - Call Imp                       Summoning                    2
   d - Slow                           Hexes                        2
   e - Conjure Flame                  Conjuration/Fire             3
   f - Mephitic Cloud                 Conjuration/Poison/Air       3
Comestibles
 a - 4 rations


   Skills:
 + Level 3.9 Fighting
 + Level 3.5 Dodging
 + Level 3.9 Unarmed Combat


You had 3 spell levels left.
You didn't know any spells.

Dungeon Overview and Level Annotations

Branches:
Dungeon (3/15)

Altars:


Innate Abilities, Weirdness & Mutations

You cannot wear most types of armour.
You are very stealthy in the water. (Stealth+)
You are amphibious.
You can wear up to eight rings at the same time.
You can use your tentacles to constrict eight enemies at once.
Your skin changes colour to match your surroundings (Stealth+).
Your rubbery body absorbs attacks. (AC +1, EV +1)
You have very sharp teeth.
You are very dopey. (Int -4)


Message History

The orc is severely wounded.
You constrict the orc. The orc completely misses you.
You tentacle-slap the orc but do no damage.
You kill the orc!
No target in view!
There is an open door here.
Things that are here:
a mace; a ring mail
There is an open door here.
There is an open door here.
An ogre comes into view. It is wielding a giant club.
Found a scroll labeled KIESEIBUOR.
The ogre shouts!
You closely miss the ogre. The ogre closely misses you.
You tentacle-slap the ogre. You squeeze the ogre.
The ogre is moderately wounded.
The ogre hits you with a giant club!!
Ouch! That really hurt!
You die...
Xom roars with laughter!

#.# #.###.# #.. #.# #..##.#
#.. #.# ##.##.# ### #.#
#..#.# #######.# ##.#.#
#.......## #...#
#.#......#####..#
#........?##..###########
#.........@.##.>...........
####+##...O.#####.....#####
#.....# #.....# #.....#
#.....# #.....# #######
#######


You could see an ogre.

Vanquished Creatures
  A worker ant (D:3)
  2 adders (D:3)
  An ooze (D:1)
  A worm (D:3)
  3 dart slugs
  4 leopard geckos
  4 orcs (D:3)
  A ball python (D:2)
  2 bats
  2 giant cockroaches (D:1)
  6 hobgoblins
  3 jackals
  5 kobolds
  5 goblins
  7 rats
47 creatures vanquished.

Notes
Turn   | Place    | Note
-------+----------+-------------------------------------------
     0 | D:1      | Jannitor the Octopode Chaos Knight began the quest for the Orb.
     0 | D:1      | Reached XP level 1. HP: 16/16 MP: 1/1
   129 | D:1      | XOM: harmless Pois miscast
   152 | D:1      | Reached XP level 2. HP: 16/21 MP: 2/2
   206 | D:1      | XOM: medium Tmut miscast
   399 | D:1      | Reached XP level 3. HP: 16/26 MP: 3/3
  1119 | D:2      | XOM: give mutations
  1119 | D:2      | Gained mutation: You are dopey. (Int -2) [Xom's mischief]
  1119 | D:2      | Gained mutation: You have very sharp teeth. [Xom's mischief]
  1119 | D:2      | Gained mutation: You are very dopey. (Int -4) [Xom's mischief]
  1594 | D:2      | XOM is BORED!
  1594 | D:2      | XOM: severe Hex miscast
  1635 | D:3      | XOM: 1-stop teleportation journey
  1653 | D:3      | Reached XP level 4. HP: 20/32 MP: 4/4
  1659 | D:3      | XOM: harmless Air miscast
  1684 | D:3      | XOM: polymorph frilled lizard -> jackal
  1980 | D:3      | XOM: god gift: 30 gold pieces
  2246 | D:3      | XOM: smoke on damage
  2287 | D:3      | Noticed an ogre
  2293 | D:3      | Slain by an ogre

Skill      XL: |  1  2  3 |
---------------+----------+-----
Dodging        | 3 |  3.5
Fighting       | |  3.9
Unarmed Combat | |  3.9

Action                   |  1- 3 |  4- 6 || total
-------------------------+-------+-------++-------
Melee: Unarmed           |    86 |    40 ||   126
       Constrict         |    25 |     9 ||    34
       Tentacles         |    12 |     9 ||    21
       Punch             |     2 |     2 ||     4
       Bite              |     1 |     5 ||     6
  Use: Potion            |     2 |       ||     2
 Stab: Sleeping          |     6 |       ||     6
  Eat: Chunk             |     1 |     3 ||     4
Armor: Skin              |     5 |       ||     5
Dodge: Dodged            |    45 |    26 ||    71
